 Dungeon Crawl Stone Soup version 0.28.0-43-g3370ac3207 (webtiles) character file.

Game seed: 15571144993838249602

2 themarg the Caller (level 1, 0/13 HPs)
             Began as a Merfolk Summoner on Mar 19, 2022.
             Slain by a gnoll
             ... wielding a +0 club
              (3 damage)
             ... on level 1 of the Dungeon.
             The game lasted 00:00:47 (51 turns).

themarg the Caller (Merfolk Summoner)                 Turns: 51, Time: 00:00:48

Health: 0/13       AC:  2    Str:  8    XL:     1   Next: 40%
Magic:  1/3        EV: 12    Int: 14    God:
Gold:   0          SH:  0    Dex: 14    Spells: 3/4 levels left

rFire   . . .      SeeInvis .   (no weapon)
rCold   . . .      Faith    .   (no shield)
rNeg    . . .      Spirit   .   a - +0 robe
rPois   .          Reflect  .   (no helmet)
rElec   .          Harm     .   (no cloak)
rCorr   .          Rampage  .   (no gloves)
Will    .....                   (no boots)
Stlth   ++........              (no amulet)
HPRegen 0.04/turn               (no ring)
MPRegen 0.08/turn               (no ring)

@: no status effects
A: (nimble swimmer 2), mertail
a: no special abilities


You were on level 1 of the Dungeon.
You visited 1 branch of the dungeon, and saw 1 of its levels.

Inventory:

Armour
 a - a +0 robe (worn)


   Skills:
 + Level 2.7 Dodging
 + Level 2.2 Stealth
 + Level 2.0 Spellcasting
 + Level 4.1 Summonings


You had 3 spell levels left.
You knew the following spells:

 Your Spells              Type           Power      Damage    Failure   Level
a - Summon Small Mammal   Summ           48%        N/A       4%          1

Your spell library contained the following spells:

 Spells                   Type           Power      Damage    Failure   Level
 Call Imp                 Summ           12%        N/A       7%          2
 Call Canine Familiar     Summ           12%        N/A       13%         3
 Summon Guardian Golem    Hex/Summ       7%         N/A       30%         3
 Summon Lightning Spire   Summ/Air       7%         N/A       71%         4


Dungeon Overview and Level Annotations

Branches:
Dungeon (1/15)

Altars:


Innate Abilities, Weirdness & Mutations

((You are very nimble when in or above water. (Stealth+, EV+, Speed+++)))
Your lower body shifts to a powerful aquatic tail in water.


Message History

Your bat hits the gnoll but does no damage.
Your rat bites the gnoll but does no damage.
The gnoll hits your rat with a +0 club.
Your rat dies!
Your rat's corpse disappears in a puff of smoke!
The gnoll shouts!
You barely miss the gnoll.
The gnoll is moderately wounded.
Your bat hits the gnoll but does no damage.
The gnoll barely misses you.
You hit the gnoll.
The gnoll is heavily wounded.
Your bat hits the gnoll but does no damage.
The gnoll misses you. The hobgoblin barely misses you.
You barely miss the gnoll.
The gnoll is heavily wounded.
Your bat barely misses the gnoll.
The gnoll misses you. The hobgoblin hits you.
You barely miss the gnoll.
The gnoll is heavily wounded.
Your bat hits the gnoll.
Your bat hits the hobgoblin but does no damage.
Your bat hits the hobgoblin. The gnoll barely misses your bat.
The hobgoblin hits you.
You hit the gnoll but do no damage.
The gnoll is heavily wounded.
Your bat hits the gnoll but does no damage.
The gnoll barely misses your bat. The hobgoblin closely misses you.
You closely miss the gnoll.
The gnoll is heavily wounded.
Your bat hits the gnoll but does no damage.
The gnoll completely misses you. The hobgoblin hits you.
* * * LOW HITPOINT WARNING * * *
You completely miss the gnoll.
The gnoll is heavily wounded.
Your bat disappears in a puff of smoke!
The hobgoblin closely misses you. The gnoll barely misses you.
You completely miss the gnoll.
The gnoll is heavily wounded.
The hobgoblin barely misses you. The gnoll hits you with a +0 club.
You die...

##.....##
#...<...####.....
#.......##......
##.....###.....#
###'### .....##
##.## #.....##..
###..§### .......
###....g§.####...#
#.....@g....##...#
....###........#..#
.... #.#.........#
... #.#........##
## ......#####.#
#####.# ..# #.# #.#
#.. .. ### ..#


You could see a gnoll and a hobgoblin.

Vanquished Creatures (collateral kills)
  2 hobgoblins (D:1)
2 creatures vanquished.

Vanquished Creatures (others)
  3 plants (D:1)
3 creatures vanquished.

Grand Total: 5 creatures vanquished

Notes
Turn   | Place    | Note
-------+----------+-------------------------------------------
     0 | D:1      | themarg the Merfolk Summoner began the quest for the Orb.
     0 | D:1      | Reached XP level 1. HP: 13/13 MP: 3/3
    51 | D:1      | Slain by a gnoll

Illustrated notes

Levels and vault maps discovered:
D:1:      onia_arrival_pentagram, layout_basic,
          dreamdust_ecumenical_altar_statues, nicolae_grassy_gnolls

Action                   || total
-------------------------++-------
Melee: Unarmed           ||    10
 Cast: Summon Small Mamm ||     5
Dodge: Dodged            ||     9
